 Dungeon Sprint DCSS version 0.21-a0-414-gba8bdf1 (webtiles) character file.

52122 Kidiri the Peltast (level 14, -5/113 HPs)
             Began as a Gargoyle Fighter on Nov 2, 2017.
             Was the Champion of Okawaru.
             Slain by a vampire knight
             ... wielding a +0 war axe
              (6 damage)
             ... while paralysed by a vampire knight
             ... in the Dungeon (Sprint IX: "|||||||||||||||||||||||||||||").
             The game lasted 00:28:31 (4287 turns).

Kidiri the Peltast (Gargoyle Fighter)               Turns: 4287, Time: 00:28:32

Health: -5/113     AC: 34    Str: 26    XL:     14   Next: 62%
Magic:  24/24      EV:  2    Int:  9    God:    Okawaru [******]
Gold:   1393       SH:  0    Dex: 20    Spells: 13/13 levels left

rFire    . . .     SeeInvis .   F - +1 demon whip of Corporal Punishment {freeze, Str+4 Int-2 Stlth+}
rCold    . . .     Gourm    .   c - +0 shield
rNeg     + . .     Faith    .   E - +0 plate armour
rPois    ∞         Spirit   .   q - +0 helmet
rElec    +         Reflect  .   a - +1 cloak
rCorr    .         Harm     .   O - +0 pair of gloves "Tiular" {Int+2 Dex+5}
MR       +....     NoTele   +   (no boots)
Stlth    ++........             (no amulet)
HPRegen  0.00/turn              r - +3 ring of dexterity
MPRegen  0.19/turn              s - +2 ring of evasion

@: paralysed, flying
A: big wings, high mp 1, negative energy resistance 1, robust 1, electricity
resistance, inhibited regeneration, unbreathing, petrification resistance, rot
immunity, AC +10
a: Stop Flying, Heroism, Finesse, Renounce Religion


You were in the Dungeon.
You worshipped Okawaru.
Okawaru was exalted by your worship.
You were not hungry.

You visited 1 branch You collected 1855 gold pieces.
You spent 462 gold pieces at shops.

Inventory:

Hand Weapons
 w - the +3 flail of Linearity {protect, Str+3 SInv}
   (Okawaru gifted it to you in the Dungeon)

   It protects the one who uses it against injury (+AC on strike).
   It affects your strength (+3).
   It lets you see invisible.
 F - the +1 demon whip of Corporal Punishment (weapon) {freeze, Str+4 Int-2 Stlth+}
   (Okawaru gifted it to you in the Dungeon)

   It has been specially enchanted to freeze those struck by it, causing extra
   injury to most foes and up to half again as much damage against particularly
   susceptible opponents.
   It can also slow down cold-blooded creatures.
   It affects your strength (+4).
   It affects your intelligence (-2).
   It makes you more stealthy.
Missiles
 x - a javelin of returning (quivered)
 D - 6 steel javelins
 L - 8 silver javelins
 M - 2 poisoned javelins
 N - 6 tomahawks
Armour
 a - a +1 cloak (worn)
 c - a +0 shield (worn)
 q - a +0 helmet (worn)
 A - a +2 pair of gloves
 E - a +0 plate armour (worn)
 K - +1 ice dragon scales
 O - the +0 pair of gloves "Tiular" (worn) {Int+2 Dex+5}
   (Okawaru gifted it to you in the Dungeon)

   It affects your intelligence (+2).
   It affects your dexterity (+5).
Jewellery
 r - a +3 ring of dexterity (left hand)
 s - a +2 ring of evasion (right hand)
 G - an uncursed ring of see invisible
 H - an uncursed ring of ice
 I - an uncursed ring of fire
 J - an uncursed ring of see invisible
Wands
 p - a wand of acid (7/15)
 Q - a wand of enslavement (12/24)
Scrolls
 b - a scroll of immolation
 k - 4 scrolls of blinking
 l - a scroll of recharging
 n - 5 scrolls of remove curse
 o - 2 scrolls of amnesia
 v - 9 scrolls of enchant armour
 y - a scroll of identify
 C - 4 scrolls of enchant weapon
Potions
 d - a potion of might
 e - 8 potions of curing
 g - 3 potions of heal wounds
 h - a potion of haste
 i - 4 potions of magic
 j - 2 potions of berserk rage
 m - a potion of invisibility
 t - 2 potions of brilliance
 P - a potion of cancellation {unknown}
Comestibles
 f - 13 bread rations
 u - 15 meat rations
 z - 3 chunks of flesh
 B - 29 fruits


   Skills:
 * Level 17.7 Fighting
 * Level 16.4 Maces & Flails
 + Level 10.0 Throwing
 * Level 17.8 Armour
 * Level 11.5 Dodging
 + Level 13.7 Stealth
 * Level 17.8 Shields
 - Level 11.3 Invocations
 + Level 3.1 Evocations


You had 13 spell levels left.
You didn't know any spells.

Dungeon Overview and Level Annotations

Branches:
Dungeon (1/1)

Altars:
Cheibriados
Dithmenos
Elyvilon
Fedhas
Gozag
Hepliaklqana
Kikubaaqudgha
Makhleb
Nemelex Xobeh
Okawaru
Qazlal
Ru
Sif Muna
Trog
Uskayaw
Vehumet
Wu Jian
Xom
Yredelemnul
Zin
The Shining One
Beogh
Jiyva
Lugonu

Shops:
D *}*:


Innate Abilities, Weirdness & Mutations

You are resistant to torment.
Your stone body is resilient. (AC +10)
You are immune to poison.
Your large and strong wings let you fly indefinitely.
You resist negative energy. (rN+)
You are resistant to electric shocks. (rElec)
You can survive without breathing.
You are immune to petrification.
You are immune to rotting.
You have an increased reservoir of magic. (+10% MP)
You are robust. (+10% HP)
You do not regenerate when monsters are visible.


Message History

Something hits you but does no damage. Something bites you.
* * * LOW HITPOINT WARNING * * *
Something hits you but does no damage. Something bites you but does no damage.
Something hits you but does no damage. Something bites you but does no damage.
Something hits you!
* * * LOW HITPOINT WARNING * * *
Something bites you but does no damage. Something hits you but does no damage.
Something bites you.
* * * LOW HITPOINT WARNING * * *
Your hands slow down.
Something hits you!
* * * LOW HITPOINT WARNING * * *
Something bites you.
* * * LOW HITPOINT WARNING * * *
Something hits you!
* * * LOW HITPOINT WARNING * * *
Something bites you but does no damage. Something hits you but does no damage.
Something bites you but does no damage. Something hits you.
You die...

.▓.▓.▓)▓.▓.▓%▓.▓
.▓.▓.▓)▓[▓.▓%▓.▓.▓
.▓.▓.▓.▓[▓.♣%♣.▓.▓
.▓.▓.▓.▓.▓.♣.♣.▓.▓
÷▓.▓.▓.▓)▓.♣.♣.▓.▓
÷▓.▓.▓.▓)▓.♣.♣.▓)▓
.▓.▓)▓.▓)▓.♣.♣.▓)▓
.▓.▓.▓.▓)▓.♣.♣.▓{▓
.▓.▓)▓.▓)▓.♣.♣.▓@▓
.▓.▓)▓.▓)▓.♣÷♣.▓(▓
.▓.▓)▓.▓)▓.♣%♣.▓.▓
.▓.▓)▓.▓)▓.♣%♣.▓.▓
(▓.▓)▓.▓.▓.▓.▓.▓.▓
(▓.▓'▓.▓.▓.▓.▓.▓.▓
.▓.▓.▓.▓.▓.▓.▓.▓.▓
.▓.▓.▓.▓.▓.▓.▓.▓.▓
.▓.▓.▓.▓.▓.▓.▓.▓.▓


There were no monsters in sight!

Vanquished Creatures
  Agnes (D)
  A fire giant (D)
  2 frost giants (D)
  An emperor scorpion (D)
  A very ugly thing (D)
  A vampire knight (D)
  2 stone giants (D)
  An entropy weaver (D)
  4 dire elephants (D)
  2 ettins (D)
  Josephine (D)
  2 merfolk impalers (D)
  An ice dragon (D)
  Erica (D)
  A hydra (D)
  A spriggan air mage (D)
  An anaconda (D)
  A satyr (D)
  2 two-headed ogres (D)
  An alligator (D)
  An alligator snapping turtle (D)
  2 tengu warriors (D)
  A vampire mage (D)
  2 ogre magi (D)
  A spriggan berserker (D)
  10 orc high priests (D)
  Nergalle (D)
  A salamander mystic (D)
  A shambling mangrove (D)
  A naga ritualist (D)
  2 orc knights (D)
  An ugly thing (D)
  2 wolf spiders (D)
  A mana viper (D)
  An orc sorcerer (D)
  A manticore (shapeshifter) (D)
  A cyclops (D)
  4 elephants (D)
  A merfolk siren (D)
  A naga mage (D)
  Maurice (D)
  2 black mambas (D)
  A spiny frog (D)
  3 komodo dragons (D)
  A tengu conjurer (D)
  A jumping spider (D)
  6 hornets (D)
  A wind drake (shapeshifter) (D)
  2 snapping turtles (D)
  2 slime creatures (D)
  2 hippogriffs (D)
  2 redbacks (D)
  A shadow (D)
  A wyvern (D)
  4 wraiths (D)
  A yak (D)
  A hungry ghost (D)
  A steam dragon (D)
  2 nagas (D)
  A vampire mosquito (D)
  3 water moccasins (D)
  A porcupine (D)
  A swamp drake (D)
  A black bear (shapeshifter) (D)
  11 orc warriors (D)
  A necrophage (D)
  An ogre (D)
  3 wolves (D)
  5 crocodiles (D)
  A centaur (D)
  4 bullfrogs (D)
  A crimson imp (D)
  7 orc priests (D)
  5 orc wizards (D)
  An adder (D)
  A shadow imp (D)
  An adder zombie (D)
  2 adder skeletons (D)
  A worm (D)
  4 orcs (D)
  A bat (D)
  A bat zombie (D)
  3 hobgoblins (D)
  A kobold (D)
161 creatures vanquished.

Vanquished Creatures (others)
  A swamp drake (D)
1 creature vanquished.

Grand Total: 162 creatures vanquished

Notes
Turn   | Place    | Note
-------+----------+-------------------------------------------
     0 | D        | Kidiri the Gargoyle Fighter began the quest for the Orb.
     0 | D        | Reached XP level 1. HP: 14/14 MP: 1/1
    27 | D        | Reached XP level 2. HP: 19/20 MP: 2/2
    41 | D        | Noticed an ogre
    58 | D        | Reached skill level 1 in Dodging
    72 | D        | Reached XP level 3. HP: 21/24 MP: 3/3
    79 | D        | Killed an ogre
    79 | D        | Reached skill level 5 in Fighting
    79 | D        | Reached skill level 5 in Armour
    79 | D        | Reached skill level 5 in Shields
    79 | D        | Reached XP level 4. HP: 29/32 MP: 4/4
    91 | D        | Found a roughly hewn altar of Beogh.
    91 | D        | Found a snail-covered altar of Cheibriados.
    91 | D        | Found a shadowy altar of Dithmenos.
    91 | D        | Found a white marble altar of Elyvilon.
    91 | D        | Found a blossoming altar of Fedhas.
    91 | D        | Found an opulent altar of Gozag.
    92 | D        | Found a hazy altar of Hepliaklqana.
    93 | D        | Found a viscous altar of Jiyva.
    94 | D        | Found an ancient bone altar of Kikubaaqudgha.
    95 | D        | Found a corrupted altar of Lugonu.
    96 | D        | Found a burning altar of Makhleb.
    97 | D        | Found a sparkling altar of Nemelex Xobeh.
    98 | D        | Found an iron altar of Okawaru.
    99 | D        | Found a stormy altar of Qazlal.
   100 | D        | Found a sacrificial altar of Ru.
   101 | D        | Found a deep blue altar of Sif Muna.
   102 | D        | Found a bloodstained altar of Trog.
   103 | D        | Found a hide-covered altar of Uskayaw.
   104 | D        | Found a radiant altar of Vehumet.
   105 | D        | Found an ornate altar of the Wu Jian Council.
   106 | D        | Became a worshipper of Warmaster Okawaru
   107 | D        | Found a shimmering altar of Xom.
   108 | D        | Found a basalt altar of Yredelemnul.
   109 | D        | Found a glowing silver altar of Zin.
   110 | D        | Found a glowing golden altar of the Shining One.
   157 | D        | Noticed a water moccasin
   157 | D        | Noticed an orc warrior
   157 | D        | Noticed a necrophage
   157 | D        | Noticed a hornet
   157 | D        | Noticed a steam dragon
   157 | D        | Noticed a bullfrog
   159 | D        | Killed a bullfrog
   159 | D        | Reached skill level 5 in Maces & Flails
   159 | D        | Reached skill level 1 in Stealth
   159 | D        | Reached skill level 1 in Invocations
   159 | D        | Reached XP level 5. HP: 36/36 MP: 4/6
   166 | D        | Killed a steam dragon
   166 | D        | Reached XP level 6. HP: 34/44 MP: 4/7
   170 | D        | Killed a hornet
   170 | D        | Reached * piety under Okawaru
   179 | D        | Killed a necrophage
   179 | D        | Reached XP level 7. HP: 31/48 MP: 6/9
   204 | D        | Reached ** piety under Okawaru
   415 | D        | Noticed a hungry ghost
   415 | D        | Noticed a tengu warrior
   415 | D        | Noticed a hippogriff
   421 | D        | Killed a hippogriff
   443 | D        | Killed a tengu warrior
   443 | D        | Reached *** piety under Okawaru
   443 | D        | Reached **** piety under Okawaru
   443 | D        | Reached skill level 5 in Stealth
   443 | D        | Reached skill level 5 in Invocations
   443 | D        | Reached XP level 8. HP: 30/57 MP: 10/12
   470 | D        | Reached skill level 10 in Armour
   470 | D        | Reached skill level 10 in Shields
   470 | D        | Reached XP level 9. HP: 35/62 MP: 11/13
   698 | D        | Gained mutation: You have an increased reservoir of magic. (+10% MP) [potion of mutation]
   698 | D        | Gained mutation: You do not regenerate when monsters are visible. [potion of mutation]
   698 | D        | Gained mutation: You are robust. (+10% HP) [potion of mutation]
   718 | D        | Noticed a komodo dragon
   719 | D        | Reached skill level 10 in Fighting
   719 | D        | Reached skill level 5 in Dodging
   726 | D        | Reached skill level 1 in Throwing
   748 | D        | Killed a komodo dragon
   795 | D        | Noticed a komodo dragon
   796 | D        | Noticed a komodo dragon
   802 | D        | Killed a komodo dragon
   802 | D        | Reached ***** piety under Okawaru
   808 | D        | Received a gift from Okawaru
   820 | D        | Reached skill level 10 in Maces & Flails
   826 | D        | Reached XP level 10. HP: 44/77 MP: 16/16
  1067 | D        | Noticed a dire elephant
  1067 | D        | Noticed a dire elephant
  1067 | D        | Noticed an elephant
  1067 | D        | Noticed an elephant
  1067 | D        | Noticed an elephant
  1067 | D        | Noticed a dire elephant
  1068 | D        | Noticed an elephant
  1071 | D        | Noticed a dire elephant
  1085 | D        | Killed a dire elephant
  1106 | D        | Killed a dire elephant
  1116 | D        | Killed a dire elephant
  1121 | D        | Killed an elephant
  1121 | D        | Received a gift from Okawaru
  1121 | D        | Reached XP level 11. HP: 52/83 MP: 10/18
  1139 | D        | Killed a dire elephant
  1139 | D        | Received a gift from Okawaru
  1139 | D        | Reached ****** piety under Okawaru
  1140 | D        | Got an ivory flail {god gift}
  1141 | D        | Identified the +3 flail of Linearity {protect, Str+3 SInv} (Okawaru gifted it to you in the Dungeon)
  1158 | D        | Reached skill level 5 in Throwing
  1481 | D        | Noticed an orc sorcerer
  1483 | D        | Noticed an ettin
  1496 | D        | Killed an orc sorcerer
  1512 | D        | Killed an ettin
  1536 | D        | Noticed an orc knight
  1558 | D        | Killed an orc knight
  1643 | D        | Noticed an orc high priest
  1660 | D        | Noticed an orc high priest
  1693 | D        | Noticed an orc knight
  1698 | D        | Killed an orc high priest
  1717 | D        | Killed an orc high priest
  1738 | D        | Killed an orc knight
  1738 | D        | Received a gift from Okawaru
  1738 | D        | Reached skill level 10 in Stealth
  1744 | D        | Reached XP level 12. HP: 41/92 MP: 18/20
  1950 | D        | Found Ymoryol's Book Boutique.
  1950 | D        | Noticed an orc high priest
  1950 | D        | Noticed an orc high priest
  1950 | D        | Noticed an orc high priest
  1960 | D        | Killed an orc high priest
  1960 | D        | Received a gift from Okawaru
  1963 | D        | Noticed an orc high priest
  1972 | D        | Killed an orc high priest
  2384 | D        | Killed an orc high priest
  2384 | D        | Received a gift from Okawaru
  2453 | D        | Killed an orc high priest
  2523 | D        | Noticed an orc high priest
  2526 | D        | Killed an orc high priest
  2553 | D        | Noticed an orc high priest
  2557 | D        | Noticed a soul eater
  2566 | D        | Killed an orc high priest
  2566 | D        | Reached skill level 10 in Invocations
  2571 | D        | Noticed an orc high priest
  2580 | D        | Noticed a soul eater
  2583 | D        | Killed an orc high priest
  2605 | D        | Found Nunyxaoc's General Store.
  2609 | D        | Found Zerphaur's Gadget Boutique.
  2615 | D        | Found Wunlouge's General Store.
  2619 | D        | Bought a scroll of immolation for 45 gold pieces
  2619 | D        | Bought a scroll of enchant armour for 97 gold pieces
  2619 | D        | Bought a scroll of blinking for 97 gold pieces
  2619 | D        | Bought a scroll of remove curse for 39 gold pieces
  2619 | D        | Bought a potion of heal wounds for 65 gold pieces
  2619 | D        | Bought a scroll of blinking for 97 gold pieces
  2620 | D        | Noticed an orc high priest
  2623 | D        | Noticed a soul eater
  2659 | D        | Killed an orc high priest
  2667 | D        | Bought a scroll of identify for 22 gold pieces
  2950 | D        | Noticed Erica
  2964 | D        | Killed Erica
  2964 | D        | Received a gift from Okawaru
  2965 | D        | Noticed Josephine
  2974 | D        | Killed Josephine
  3166 | D        | Noticed a two-headed ogre
  3167 | D        | Noticed a two-headed ogre
  3172 | D        | Killed a two-headed ogre
  3177 | D        | Noticed an ice dragon
  3186 | D        | Noticed a vampire mage
  3193 | D        | Killed a two-headed ogre
  3193 | D        | Reached skill level 15 in Fighting
  3193 | D        | Reached skill level 15 in Armour
  3205 | D        | Killed an ice dragon
  3205 | D        | Reached skill level 15 in Shields
  3222 | D        | Noticed a frost giant
  3232 | D        | Killed a vampire mage
  3232 | D        | Received a gift from Okawaru
  3232 | D        | Reached XP level 13. HP: 89/101 MP: 19/23
  3242 | D        | Noticed an ogre mage
  3252 | D        | Killed a frost giant
  3278 | D        | Killed an ogre mage
  3278 | D        | Received a gift from Okawaru
  3662 | D        | Noticed an emperor scorpion
  3662 | D        | Noticed an entropy weaver
  3672 | D        | Killed an entropy weaver
  3672 | D        | Received a gift from Okawaru
  3714 | D        | Killed an emperor scorpion
  3714 | D        | Received a gift from Okawaru
  3800 | D        | Noticed a merfolk impaler
  3800 | D        | Noticed a merfolk impaler
  3806 | D        | Reached skill level 15 in Maces & Flails
  3810 | D        | Killed a merfolk impaler
  3810 | D        | Received a gift from Okawaru
  3811 | D        | Got a translucent demon whip {god gift}
  3812 | D        | Identified the +1 demon whip of Corporal Punishment {freeze, Str+4 Int-2 Stlth+} (Okawaru gifted it to you in the Dungeon)
  3820 | D        | Killed a merfolk impaler
  3828 | D        | Reached skill level 10 in Dodging
  3887 | D        | Gained mutation: Your large and strong wings let you fly indefinitely. [Gargoyle growth]
  3887 | D        | Reached XP level 14. HP: 110/110 MP: 18/24
  4051 | D        | Noticed Nergalle
  4062 | D        | Killed Nergalle
  4062 | D        | Received a gift from Okawaru
  4063 | D        | Got a pair of pitted gloves {god gift}
  4074 | D        | Identified the +0 pair of gloves "Tiular" {Int+2 Dex+5} (Okawaru gifted it to you in the Dungeon)
  4087 | D        | Noticed Agnes
  4089 | D        | Noticed Maurice
  4099 | D        | Killed Maurice
  4102 | D        | Killed Agnes
  4171 | D        | Noticed a stone giant
  4171 | D        | Noticed a white very ugly thing
  4186 | D        | Killed a white very ugly thing
  4189 | D        | Noticed a stone giant
  4189 | D        | Reached skill level 1 in Evocations
  4203 | D        | Killed a stone giant
  4208 | D        | Noticed a frost giant
  4214 | D        | Killed a stone giant
  4217 | D        | Noticed a fire giant
  4221 | D        | Killed a frost giant
  4226 | D        | Noticed a vampire knight
  4226 | D        | Killed a fire giant
  4239 | D        | Paralysed by a vampire knight for 7 turns
  4252 | D        | Killed a vampire knight
  4254 | D        | Noticed a vampire knight
  4267 | D        | HP: 5/113 [spriggan air mage/the air (26)]
  4272 | D        | Reached skill level 10 in Throwing
  4280 | D        | Paralysed by something for 7 turns
  4286 | D        | HP: 1/113 [something (8)]
  4287 | D        | Slain by a vampire knight

Vault maps used:
D:        linesprint

Skill      XL: |  1  2  3  4  5  6  7  8  9 10 11 12 13 14 |
---------------+-------------------------------------------+-----
Fighting       | 4 5 6 7 9 11 12 13 15 16 17 | 17.7
Maces & Flails | 3 4 5 6 8 10 11 12 13 15 16 | 16.4
Armour         | 4 5 6 7 9 10 11 12 13 15 16 17 | 17.8
Dodging        | 1 2 3 4 5 6 7 8 10 11 | 11.5
Shields        | 4 5 6 7 9 10 11 12 13 15 16 17 | 17.8
Stealth        | 1 2 3 5 6 7 8 10 11 12 13 | 13.7
Invocations    | 1 2 3 5 6 8 9 10 11 | 11.3
Throwing       | 2 4 6 7 9 10 | 10.0
Evocations     | 3 |  3.1

Action                   |  1- 3 |  4- 6 |  7- 9 | 10-12 | 13-15 || total
-------------------------+-------+-------+-------+-------+-------++-------
Melee: Flail             |    60 |       |       |   317 |   189 ||   566
       Morningstar       |       |    20 |   151 |    93 |       ||   264
       Demon whip        |       |       |       |       |   118 ||   118
Throw: Javelin           |       |       |       |    67 |   101 ||   168
       Tomahawk          |       |       |       |    20 |    15 ||    35
Invok: Heroism           |       |       |     5 |    10 |     7 ||    22
       Finesse           |       |       |       |     6 |     8 ||    14
 Abil: Fly               |       |       |       |       |     1 ||     1
  Use: Potion            |       |     1 |     2 |       |     2 ||     5
       Scroll            |       |       |       |     1 |       ||     1
 Stab: Sleeping          |       |       |     1 |       |     1 ||     2
       Confused          |       |       |       |       |     3 ||     3
  Eat: Chunk             |       |       |     3 |     4 |       ||     7
       Fruit             |       |       |       |    11 |       ||    11
Armor: Scale mail        |    27 |       |       |       |       ||    27
       Chain mail        |       |     6 |    51 |    33 |       ||    90
       Plate armour      |       |       |       |    32 |    57 ||    89
Dodge: Dodged            |    19 |     8 |    41 |    66 |    54 ||   188
Block: Shield            |    28 |    11 |    80 |   126 |   102 ||   347

Table legend:
 A = Spawn XP
 B = Non-spawn XP
 C = Spawn XP percentage of total XP
 D = Spawn monster count
 E = Non-spawn monster count
 F = Spawn count percentage of total count
 G = Total turns spent on level
                    A         B        C        D         E        F      G
               +---------+---------+-------+---------+---------+-------+---------
         Total |       0 |   74460 |   0.0 |       0 |     161 |   0.0 |  4287
               +---------+---------+-------+---------+---------+-------+---------
             D |       0 |   74460 |   0.0 |       0 |     161 |   0.0 |  4287
               +---------+---------+-------+---------+---------+-------+---------
